 Dungeon Crawl Stone Soup version 0.30-a0-141-g30f27751c5 (webtiles) character file.

Game seed: 8522141933379797536

259 lesbiats the Cudgeller (level 5, -6/53 HPs)
             Began as a Troll Fighter on Sept 26, 2022.
             Mangled by a gnoll
             ... wielding a +0 flail
             ... led by a gnoll bouda
              (9 damage)
             ... on level 3 of the Dungeon.
             The game lasted 00:13:07 (3014 turns).

lesbiats the Cudgeller (Troll Fighter)              Turns: 3014, Time: 00:13:08

Health: -6/53      AC:  4    Str: 26    XL:     5   Next: 94%
Magic:  4/4        EV:  8    Int:  4    God:
Gold:   102        SH:  7    Dex:  9    Spells: 4/4 levels left

rFire   + + +      SeeInvis .    g - +6 short sword of the Well-Known Dances {freeze, rF++ Will- Stlth+}
rCold   . . .      Faith    .    c - +0 kite shield
rNeg    . . .      Spirit   .    b - +0 robe
rPois   .          Reflect  .    (helmet restricted)
rElec   .          Harm     .    (no cloak)
rCorr   .          Rampage  .    (gloves unavailable)
Will    .....                    (boots unavailable)
Stlth   ++........               e - amulet of magic regeneration
HPRegen 0.97/turn                h - ring of wizardry
MPRegen 0.49/turn                s - ring of protection from fire

@: weakened
A: large, unfitting armour, claws 3, regeneration 1, shaggy fur 1, tough skin 1
a: no special abilities


You were on level 3 of the Dungeon.
You visited 1 branch of the dungeon, and saw 5 of its levels.

You collected 102 gold pieces.

Inventory:

Hand Weapons
 a - a +0 flail
 g - the +6 short sword of the Well-Known Dances (weapon) {freeze, rF++ Will- Stlth+}
   (You found it on level 2 of the Dungeon)

   It freezes those it strikes, dealing additional cold damage.
   It can also slow down cold-blooded creatures.
   rF:        It greatly protects you from fire.
   Will:      It decreases your willpower.
   Stlth:     It makes you more stealthy.
 i - a +0 club
 C - a +2 vorpal war axe
Missiles
 u - 23 stones
 y - 4 boomerangs (quivered)
 B - 5 javelins
Armour
 b - a +0 robe (worn)
 c - a +0 kite shield (worn)
Magical Staves
 n - a staff of earth
Jewellery
 e - an amulet of magic regeneration (around neck)
 h - a ring of wizardry (left claw)
 s - a ring of protection from fire (right claw)
 v - a ring of wizardry
Scrolls
 j - a scroll of enchant weapon {unknown}
 l - 5 scrolls of teleportation {unknown}
 m - a scroll of poison {unknown}
 q - a scroll of silence {unknown}
 t - a scroll of torment {unknown}
 w - a scroll of identify
 x - a scroll of noise {unknown}
 A - a scroll of blinking {unknown}
Potions
 d - 2 potions of might
 f - 2 potions of curing
 k - a potion of attraction {unknown}
 o - a potion of cancellation {unknown}
 p - a potion of brilliance {unknown}
 r - 3 potions of lignification {unknown}
 z - a potion of heal wounds {unknown}


   Skills:
 + Level 3.4 Fighting
 * Level 4.2 Maces & Flails
 + Level 2.4 Throwing
 - Level 2.4 Dodging
 - Level 2.6 Shields


You had 4 spell levels left.
You didn't know any spells.
Your spell library contained the following spells:

 Spells                   Type           Power      Damage    Failure   Level
 Sublimation of Blood     Necr           0%         N/A       61%         2
 Wereblood                Tmut           0%         N/A       61%         2
 Gell's Gravitas          Tloc           0%         N/A       82%         3
 Lesser Beckoning         Tloc           0%         N/A       82%         3
 Teleport Other           Tloc           0%         N/A       82%         3
 Summon Hydra             Summ           0%         N/A       100%        7


Dungeon Overview and Level Annotations

Branches:
Dungeon (5/15)
 Temple: D:4-7

Altars:
Ru

Shops:
D:2 *   D:4 =


Innate Abilities, Weirdness & Mutations

You are too large for most types of armour.
You have claws for hands.
Your natural rate of healing is unusually fast.
You are covered in fur. (AC +1)
You have tough skin. (AC +1)


Message History

There is a stone staircase leading down here.
You hit the gnoll but do no damage.
The gnoll is moderately wounded.
You block the gnoll's attack.
The gnoll bouda hits you with a +0 whip!
You hit the gnoll bouda. You freeze the gnoll bouda.
The gnoll bouda is lightly wounded.
The gnoll hits you with a +0 flail!
The gnoll bouda hits you with a +0 whip.
You hit the gnoll bouda but do no damage.
The gnoll bouda is lightly wounded.
The gnoll hits you but does no damage.
The gnoll bouda hits you with a +0 whip.
* * * LOW HITPOINT WARNING * * *
You hit the gnoll bouda but do no damage.
The gnoll bouda is lightly wounded.
The gnoll barely misses you. You block the gnoll bouda's attack.
You barely miss the gnoll bouda.
The gnoll bouda is lightly wounded.
You block the gnoll's attack.
The gnoll bouda hits you with a +0 whip!
* * * LOW HITPOINT WARNING * * *
You block the gnoll's attack.
You closely miss the gnoll bouda.
The gnoll bouda is lightly wounded.
You block the gnoll bouda's attack. You block the gnoll's attack.
You closely miss the gnoll bouda.
The gnoll bouda is lightly wounded.
The gnoll bouda gazes fiercely through you!
You feel your attacks grow feeble.
The gnoll bouda hits you with a +0 whip!
* * * LOW HITPOINT WARNING * * *
You block the gnoll's attack.
As you read the scroll labelled KALIUMM TAIW, it crumbles to dust.
It is a scroll of identify.
f - 2 potions of curing The gnoll bouda hits you with a +0 whip.
* * * LOW HITPOINT WARNING * * *
The gnoll hits you with a +0 flail!
You die...

.......# #.#.# #....###.#.#......
###.##.# #.#.# #.....#...........
#.##.# #.#.# #...#...##....####
#.##.###.#.###...######....♣ ♣
#........#.......######....♣♣♣♣
###.#.########....<.....#......
#.###.# #.##########.#♣♣.P
##.#.##### #g# #.# ♣♣♣ ##.##...##
#@# ##'## #.#..P.P# #g# ##...##
####..P♣♣..###.## ##.....##
##)##..♣P♣.P.##..## ##.......##
##...#.#..PP..##...####.........#
......................'.........+
##...#.######........##.........#
##.##.# #.###.##.###.......##
#.....# #.###.##.# ##.....##


You could see a gnoll bouda and a gnoll (swift).

Vanquished Creatures
  A scorpion (D:3)
  An iguana (D:4)
  4 gnolls
  6 adders
  2 worms (D:2)
  3 dart slugs
  2 orcs
  3 endoplasms
  5 giant cockroaches
  5 hobgoblins
  4 jackals (D:3)
  5 kobolds
  6 quokkas
  6 ball pythons
  6 bats
  2 frilled lizards
  8 goblins
  5 rats
74 creatures vanquished.

Notes
Turn   | Place    | Note
-------+----------+-------------------------------------------
     0 | D:1      | lesbiats the Troll Fighter began the quest for the Orb.
     0 | D:1      | Reached XP level 1. HP: 22/22 MP: 0/0
   132 | D:1      | Reached skill level 2 in Maces & Flails
   268 | D:1      | Reached XP level 2. HP: 24/29 MP: 1/1
   642 | D:1      | Reached skill level 1 in Throwing
   965 | D:2      | Reached XP level 3. HP: 36/36 MP: 2/2
  1086 | D:2      | Found a faded altar of an unknown god.
  1135 | D:2      | Found Imoklecs's Assorted Antiques.
  1377 | D:2      | Reached skill level 3 in Maces & Flails
  1402 | D:2      | Reached XP level 4. HP: 44/44 MP: 3/3
  1455 | D:2      | Identified the +6 short sword of the Well-Known Dances
                  | {freeze, rF++ Will- Stlth+}
  1854 | D:3      | Noticed a scorpion
  1860 | D:3      | Killed a scorpion
  1861 | D:3      | Reached XP level 5. HP: 50/53 MP: 4/4
  1953 | D:3      | Found a sacrificial altar of Ru.
  2617 | D:4      | Noticed a black bear
  2635 | D:4      | Found Ufoow's Jewellery Emporium.
  2780 | D:4      | Reached skill level 4 in Maces & Flails
  2869 | D:5      | Entered Level 5 of the Dungeon
  2869 | D:5      | Noticed a centaur
  3014 | D:3      | Mangled by a gnoll

Illustrated notes

Levels and vault maps discovered:
D:1:      nicolae_arrival_washed_ashore, layout_loops_corners,
          grunt_decor_one_mirror, minmay_hexomino_u4
D:2:      layout_basic, serial_shops, nicolae_shop_window_shopping,
          chequers_ecumenical_altar_grove, chequers_serial_rivers_micro_b
D:3:      layout_loops_corners, mainiacjoe_overflow_tiny_flanked, serial_forest,
          infiniplex_forest_lined_corner, infiniplex_forest_straight_4,
          infiniplex_forest_clump_tiny, infiniplex_forest_clump_small,
          infiniplex_forest_lined_2, infiniplex_forest_diagonal
D:4:      layout_loops_cross, serial_shops, shop, glass_columns_a,
          minmay_quantized
D:5:      layout_rooms, minmay_shop_grid_forest

Skill      XL: |  1  2  3  4  5 |
---------------+----------------+-----
Maces & Flails | 2 3 4 |  4.2
Throwing       | 1 2 |  2.4
Fighting       | 3 |  3.4
Dodging        | |  2.4
Shields        | |  2.6

Action                   |  1- 3 |  4- 6 || total
-------------------------+-------+-------++-------
Melee: Flail             |   101 |       ||   101
       Short sword       |       |   113 ||   113
Throw: Stone             |    32 |     4 ||    36
       Throwing net      |     2 |       ||     2
       Boomerang         |       |    16 ||    16
  Use: Scroll            |       |     1 ||     1
 Stab: Held in net/web   |     1 |       ||     1
       Sleeping          |       |     3 ||     3
Armor: Robe              |    40 |    32 ||    72
Dodge: Dodged            |    41 |    44 ||    85
Block: Kite shield       |    48 |    43 ||    91

Table legend: (Time is in decaauts)
 A = Elapsed time spent in this place.
 B = Non-inter-level travel time spent in this place.
 C = Inter-level travel time spent in this place.
 D = Time resting spent in this place.
 E = Time spent auto-exploring this place.
 F = Levels seen in this place.
 G = Mean time per level.
                   A        B        C        D        E       F      G
               +--------+--------+--------+--------+--------+-----+--------+
         Total |   3085 |   3003 |     82 |     98 |   1974 |   5 |  617.0 |
       Dungeon |   3085 |   3003 |     82 |     98 |   1974 |   5 |  617.0 |
               +--------+--------+--------+--------+--------+-----+--------+

Top non-repeatable levels by time:
     D:1: 1013 daAuts
     D:3: 995 daAuts
     D:2: 678 daAuts
     D:4: 356 daAuts
     D:5: 40 daAuts
